AoeStats
← RDA Ronan

MegaRandom

506974059Analyzed
4v4 RM · 16d ago on Sep 16, 2026· 76m 23s· 8 players
Game mode
Random Map
Map size
Large (8 player)
Population
200
Speed
Normal
Resources
Standard
Victory
Conquest
Starting age
Dark Age
Ending age
Imperial Age
RankedLock teamsTeams togetherTeam positionsShared explorationLock speedFull tech treeHidden civsTurbo modeCheats
Victory
Defeat
🇨🇳 Japanese · China
1288
+14
🇨🇴 Portuguese · Colombia
1245
+16
🇲🇽 Berbers · Mexico
1241
+16
🇺🇸 Teutons · United States
1231
+16
🇦🇷 Georgians · Argentina
1289
-17
🇦🇷 Goths · Argentina
1277
-17
🇦🇷 Gurjaras · Argentina
1201
-14
🇦🇷 Persians · Argentina
1201
-14
Eduardo
0:30 Loom
8:55 Feudal Age
9:01 Man-at-Arms
14:28 Fletching
16:52 Wheelbarrow
16:44 Padded Archer Armor
23:30 Castle Age
23:34 Crossbowman
30:19 Bodkin Arrow
35:47 Leather Archer Armor
46:02 Imperial Age
44:51 Squires
44:36 Arson
45:09 Pikeman
45:50 Double-Bit Axe
47:12 Hand Cart
48:50 Ring Archer Armor
50:31 Chemistry
49:51 Ballistics
52:36 Bracer
56:15 Forging
56:06 Scale Mail Armor
56:11 Scale Barding Armor
58:58 Bow Saw
59:46 Iron Casting
59:27 Chain Mail Armor
59:32 Chain Barding Armor
59:05 Elite Camel Archer
64:42 Light Cavalry
68:25 Hussar
69:15 Bloodlines
69:06 Husbandry
70:08 Blast Furnace
73:12 Plate Mail Armor
73:50 Caravan
76:06 Plate Barding Armor
Bensun
0:35 Loom
7:57 Feudal Age
8:44 Double-Bit Axe
9:21 Horse Collar
15:38 Scale Barding Armor
18:57 Castle Age
17:40 Gold Mining
18:02 Forging
19:21 Bloodlines
20:22 Chain Barding Armor
21:46 Fletching
22:47 Iron Casting
23:27 Bow Saw
31:41 Wheelbarrow
32:44 Heavy Plow
35:03 Hand Cart
37:53 Imperial Age
36:33 Stone Mining
37:57 Cavalier
39:21 Plate Barding Armor
39:25 Pikeman
40:29 Scale Mail Armor
40:29 Halberdier
42:53 Conscription
44:26 Chain Mail Armor
45:11 Blast Furnace
45:15 Town Watch
45:39 Squires
46:11 Plate Mail Armor
48:51 Two-Man Saw
48:51 Arson
50:09 Chemistry
49:15 Siege Engineers
49:23 Masonry
50:03 Onager
59:19 Caravan
63:56 Crop Rotation
64:02 Stone Shaft Mining
68:33 Paladin
73:56 Fletching
75:39 Hoardings
75:34 Ironclad
Os_A_Ve
0:28 Loom
10:14 Feudal Age
15:02 Castle Age
15:03 Double-Bit Axe
14:59 Horse Collar
16:26 Gold Mining
17:45 Fervor
22:26 Stone Mining
24:21 Fletching
26:01 Bow Saw
25:52 Heavy Plow
27:19 Wheelbarrow
26:31 Town Watch
34:08 Imperial Age
31:55 Hand Cart
31:41 Town Patrol
31:37 Bodkin Arrow
34:16 Ballistics
34:08 Masonry
33:54 Murder Holes
33:39 Treadmill Crane
34:03 Padded Archer Armor
35:19 Conscription
34:42 Elite Organ Gun
37:55 Stone Shaft Mining
39:35 Scale Barding Armor
39:31 Bracer
39:41 Forging
42:15 Arquebus
44:26 Two-Man Saw
45:19 Chemistry
45:47 Siege Engineers
46:12 Architecture
59:19 Crop Rotation
67:44 Leather Archer Armor
69:27 Guilds
69:47 Coinage
69:18 Caravan
72:03 Iron Casting
71:28 Scale Mail Armor
71:49 Chain Barding Armor
72:00 Ring Archer Armor
JieX
0:31 Loom
7:36 Feudal Age
8:18 Double-Bit Axe
13:28 Fletching
15:53 Horse Collar
22:27 Castle Age
23:16 Thumb Ring
22:32 Crossbowman
23:10 Bodkin Arrow
26:50 Ballistics
35:48 Bow Saw
35:31 Gold Mining
35:51 Heavy Plow
41:55 Imperial Age
40:01 Wheelbarrow
39:12 Town Watch
39:01 Man-at-Arms
39:27 Gambesons
39:51 Scale Mail Armor
39:47 Long Swordsman
42:08 Forging
42:49 Gold Shaft Mining
41:57 Two-Handed Swordsman
43:34 Chain Mail Armor
45:42 Squires
47:14 Plate Mail Armor
47:20 Pikeman
49:18 Iron Casting
54:15 Blast Furnace
52:49 Capped Ram
54:24 Champion
54:53 Halberdier
67:03 Two-Man Saw
RDA Lurchoton
0:32 Loom
9:03 Feudal Age
13:35 Castle Age
11:37 Double-Bit Axe
13:10 Scale Barding Armor
13:48 Bloodlines
18:56 Horse Collar
21:03 Bow Saw
21:40 Husbandry
24:20 Heavy Plow
26:26 Chain Barding Armor
28:30 Forging
34:10 Wheelbarrow
34:13 Iron Casting
33:59 Town Watch
41:45 Hand Cart
41:32 Stone Mining
44:01 Gold Mining
44:13 Town Patrol
48:59 Imperial Age
45:58 Light Cavalry
48:51 Onager
51:19 Plate Barding Armor
50:05 Cavalier
52:07 Savar
54:44 Hussar
70:25 Caravan
[Ne0] Vladimir Putin
0:31 Loom
8:36 Feudal Age
9:24 Double-Bit Axe
12:41 Horse Collar
18:43 Castle Age
17:10 Gold Mining
19:47 Bow Saw
20:54 Scale Mail Armor
21:05 Forging
21:10 Squires
20:30 Man-at-Arms
23:14 Stone Mining
24:42 Chain Mail Armor
25:02 Iron Casting
25:26 Long Swordsman
27:14 Iron Casting
29:56 Anarchy
33:07 Imperial Age
31:11 Heavy Plow
31:46 Anarchy
35:20 Wheelbarrow
36:20 Conscription
36:25 Elite Huskarl
36:28 Two-Handed Swordsman
37:22 Fletching
42:12 Bodkin Arrow
43:18 Blast Furnace
44:53 Champion
45:56 Hand Cart
45:26 Town Watch
45:30 Pikeman
48:00 Bracer
48:41 Onager
55:53 Caravan
56:25 Town Patrol
60:51 Crop Rotation
RDA Ronan
0:33 Loom
7:58 Feudal Age
9:17 Double-Bit Axe
14:55 Fletching
20:42 Castle Age
20:54 Scale Barding Armor
22:20 Gold Mining
22:42 Bow Saw
29:08 Bodkin Arrow
36:05 Horse Collar
37:40 Heavy Plow
42:14 Husbandry
42:46 Bloodlines
42:58 Town Watch
43:50 Wheelbarrow
46:29 Imperial Age
45:15 Husbandry
45:36 Chain Barding Armor
46:51 Forging
46:39 Heavy Camel Rider
47:57 Plate Barding Armor
48:57 Crop Rotation
49:12 Iron Casting
50:17 Conscription
50:01 Bracer
50:11 Stone Mining
50:05 Elite Shrivamsha Rider
54:55 Coinage
55:51 Hand Cart
55:37 Town Patrol
55:39 Bracer
57:02 Kshatriyas
57:55 Banking
60:48 Light Cavalry
62:26 Hussar
64:02 Caravan
64:56 Frontier Guards
70:11 Chemistry
70:53 Ballistics
OPI Sonet
0:33 Loom
9:22 Feudal Age
13:15 Castle Age
12:03 Double-Bit Axe
12:01 Horse Collar
15:37 Bow Saw
17:17 Wheelbarrow
19:05 Scale Barding Armor
21:14 Gold Mining
21:35 Husbandry
21:41 Light Cavalry
24:17 Forging
25:12 Bloodlines
26:01 Chain Barding Armor
27:56 Iron Casting
32:12 Hand Cart
33:03 Fervor
33:55 Town Watch
37:18 Imperial Age
35:39 Sanctity
37:09 Town Patrol
38:06 Elite Monaspa
39:34 Conscription
40:55 Block Printing
41:48 Aznauri Cavalry
44:12 Plate Barding Armor
45:07 Blast Furnace
45:44 Fletching
45:55 Padded Archer Armor
45:50 Heavy Cavalry Archer
47:36 Chemistry
46:57 Ballistics
46:43 Siege Engineers
47:26 Parthian Tactics
47:01 Bodkin Arrow
47:50 Siege Engineers
47:16 Hussar
49:36 Bracer
49:52 Leather Archer Armor
51:06 Svan Towers
51:50 Scale Mail Armor
51:47 Murder Holes
51:38 Arrowslits
51:44 Guard Tower
58:30 Onager
61:43 Heavy Plow
64:12 Coinage
63:25 Heavy Scorpion
69:28 Caravan
70:48 Crop Rotation
73:03 Squires
72:49 Gambesons
72:28 Pikeman
Connection lost

Rejoining the realm…

Still unreachable

The connection could not be restored.

Session expired

The server has moved on; the page needs a fresh start.